 Dungeon Crawl Stone Soup version 0.29.1-1-gd02db6906a (webtiles) character file.

Game seed: 6041118122845928688

583 Earthwalker the Covered (level 7, -2/42 (60) HPs)
             Began as a Minotaur Fighter on Oct 10, 2022.
             Slain by Edmund
             ... wielding a +2 dire flail of draining
              (4 damage)
             ... on level 4 of the Dungeon.
             The game lasted 00:10:04 (3477 turns).

Earthwalker the Covered (Minotaur Fighter)          Turns: 3477, Time: 00:10:05

HP:   -2/42 (60)    AC:  7    Str: 23    XL:     7   Next: 14%
MP:   6/6           EV:  8    Int:  5    God:
Gold: 81            SH: 13    Dex:  9    Spells: 6/6 levels left

rFire   . . .      SeeInvis .   n - +0 hand axe
rCold   . . .      Faith    .   m - +0 kite shield
rNeg    . . .      Spirit   .   b - +0 scale mail
rPois   .          Reflect  +   (helmet restricted)
rElec   .          Harm     .   (no cloak)
rCorr   .          Rampage  .   (no gloves)
Will    .....                   (no boots)
Stlth   ..........              i - amulet of reflection
HPRegen 0.14/turn               (no ring)
MPRegen 0.10/turn               (no ring)

@: studying Axes, very heavily drained
A: horns 2, retaliatory headbutt
a: no special abilities


You were on level 4 of the Dungeon.
You visited 1 branch of the dungeon, and saw 4 of its levels.

You collected 81 gold pieces.

Inventory:

Hand Weapons
 a - a +0 trident
 n - a +0 hand axe (weapon)
Armour
 b - a +0 scale mail (worn)
 c - a +0 buckler
 m - a +0 kite shield (worn)
 o - the +2 robe of Enlinof {rN+ Dex+4}
   (You found it on level 4 of the Dungeon)

   Dex:       It affects your dexterity (+4).
   rN:        It protects you from negative energy.
Jewellery
 i - an amulet of reflection (around neck)
Scrolls
 e - 3 scrolls of identify
 f - a scroll of amnesia
 g - a scroll of silence
 j - 2 scrolls of noise {unknown}
 k - a scroll of blinking {unknown}
Potions
 d - a potion of might
 h - 2 potions of berserk rage {unknown}
 l - a potion of heal wounds {unknown}
 p - a potion of flight {unknown}


   Skills:
 + Level 4.6 Fighting
 * Level 3.0(4.5) Axes
 - Level 5.1(5.6) Polearms
 * Level 5.9 Armour
 * Level 1.7 Dodging
 * Level 1.4 Stealth
 * Level 5.3 Shields


You had 6 spell levels left.
You didn't know any spells.
Your spell library contained the following spells:

 Spells                   Type           Power      Damage    Failure   Level
 Magic Dart               Conj           0%         1d3       98%         1
 Summon Small Mammal      Summ           0%         N/A       98%         1
 Call Imp                 Summ           0%         N/A       99%         2
 Call Canine Familiar     Summ           0%         N/A       100%        3
 Mephitic Cloud           Conj/Pois/Air  0%         N/A       100%        3
 Summon Guardian Golem    Hex/Summ       0%         N/A       100%        3


Dungeon Overview and Level Annotations

Branches:
Dungeon (4/15)
 Temple: D:4-7

Altars:
Elyvilon
Hepliaklqana

Annotations:
D:4 Edmund


Innate Abilities, Weirdness & Mutations

You have a pair of horns on your head.
You reflexively headbutt those who attack you in melee.


Message History

Edmund hits you but does no damage.
You feel drained.
You hit Edmund but do no damage.
Edmund is lightly wounded.
Edmund hits you but does no damage.
You feel drained. Edmund hits you but does no damage.
You feel drained.
You barely miss Edmund.
Edmund is lightly wounded.
You block Edmund's attack.
You hit Edmund but do no damage.
Edmund is lightly wounded.
Edmund hits you but does no damage.
You feel drained.
You barely miss Edmund.
Edmund is lightly wounded.
Edmund hits you with a +2 dire flail of draining!
You feel drained.
You hit Edmund.
Edmund is lightly wounded.
Edmund hits you but does no damage.
You feel drained.
Edmund hits you with a +2 dire flail of draining!
You feel drained.
You hit Edmund but do no damage.
Edmund is lightly wounded.
You feel less wooden.
Your +0 scale mail unmelds from your body.
Edmund hits you with a +2 dire flail of draining!
You feel drained.
You closely miss Edmund.
Edmund is lightly wounded.
Edmund hits you with a +2 dire flail of draining.
You feel drained.
You hit Edmund.
Edmund is moderately wounded.
Edmund hits you with a +2 dire flail of draining!
You feel drained.
You hit Edmund.
Edmund is moderately wounded.
Edmund hits you with a +2 dire flail of draining!
* * * LOW HITPOINT WARNING * * *
You feel drained.
You die...

######## . ......#
... .....##
.....#########...oo..
#.....)@@.......@o>
...######(########o##
.# #8o8## # ##
##.o.###. ##.o...†
##5.<.. ##8.8# #####


You could see Edmund.

Vanquished Creatures
  Grinder (D:3)
  A gnoll sergeant (D:4)
  3 orc priests (D:3)
  3 orc wizards (D:3)
  6 adders
  4 gnolls (D:3)
  2 worms (D:3)
  9 orcs
  4 bats
  3 endoplasms
  3 giant cockroaches
  A goblin (D:1)
  2 hobgoblins
  3 jackals (D:3)
  4 quokkas
  6 ball pythons
  3 frilled lizards
  3 kobolds (D:3)
61 creatures vanquished.

Notes
Turn   | Place    | Note
-------+----------+-------------------------------------------
     0 | D:1      | Earthwalker the Minotaur Fighter began the quest for the
                  | Orb.
     0 | D:1      | Reached XP level 1. HP: 19/19 MP: 0/0
   126 | D:2      | Reached XP level 2. HP: 6/27 MP: 1/1
   683 | D:2      | Reached XP level 3. HP: 30/33 MP: 2/2
  1049 | D:3      | Found a white marble altar of Elyvilon.
  1065 | D:3      | Reached XP level 4. HP: 40/40 MP: 3/3
  1082 | D:3      | HP: 2/40 [gnoll/+0 spear (6)]
  1952 | D:3      | Reached XP level 5. HP: 7/46 MP: 4/4
  1952 | D:3      | HP: 1/46 [orc priest/+0 club (3)]
  2510 | D:4      | Reached skill level 5 in Polearms
  2510 | D:4      | Found a hazy altar of Hepliaklqana.
  2510 | D:4      | Found a faded altar of an unknown god.
  2743 | D:4      | Reached XP level 6. HP: 53/53 MP: 5/5
  2743 | D:4      | Identified the +2 robe of Enlinof {rN+ Dex+4}
  2750 | D:4      | Noticed Grinder
  2756 | D:4      | Noticed Edmund
  2809 | D:3      | Reached skill level 5 in Armour
  2809 | D:3      | Reached skill level 1 in Dodging
  2940 | D:3      | Reached skill level 1 in Axes
  3017 | D:4      | Paralysed by Grinder for 2 turns
  3047 | D:3      | Reached skill level 1 in Stealth
  3280 | D:3      | Reached skill level 5 in Shields
  3314 | D:4      | Paralysed by Grinder for 3 turns
  3397 | D:4      | Paralysed by Grinder for 5 turns
  3407 | D:3      | Killed Grinder
  3408 | D:3      | Reached XP level 7. HP: 51/60 MP: 6/6
  3477 | D:4      | HP: 2/44 [Edmund/+2 dire flail of draining (13)]
  3477 | D:4      | Slain by Edmund

Illustrated notes

Levels and vault maps discovered:
D:1:      dpeg_arrival_water_temple_mockup, layout_loops_ring
D:2:      layout_loops_ring
D:3:      layout_loops_ring, old_standard_altar, minmay_misc_feat_doors,
          grunt_ministairs_4
D:4:      layout_rooms, lemuel_crystal_altar,
          beargit_hepliaklqana_dungeon_heroes, grunt_ministairs_8,
          kennysheep_doodads, uniq_grinder, uniq_edmund, uniq_eustachio

Skill      XL: |  1  2  3  4  5  6 |
---------------+-------------------+-----
Polearms       | 3 4 5 |  5.1
Shields        | 4 5 |  5.3
Armour         | 4 5 |  5.9
Fighting       | 4 |  4.6
Dodging        | 1 |  1.7
Axes           | 3 |  3.0
Stealth        | 1 |  1.4

Action                   |  1- 3 |  4- 6 |  7- 9 || total
-------------------------+-------+-------+-------++-------
Melee: Trident           |    60 |    89 |       ||   149
       Headbutt          |     6 |    18 |       ||    24
       Hand axe          |       |    58 |    16 ||    74
       Unarmed           |       |     3 |       ||     3
  Use: Scroll            |     2 |       |       ||     2
Armor: Scale mail        |    24 |    33 |       ||    57
       Skin              |       |       |     8 ||     8
Dodge: Dodged            |    32 |    46 |       ||    78
Block: Buckler           |    11 |    31 |       ||    42
       Kite shield       |       |    36 |     5 ||    41
       Reflection        |       |     1 |       ||     1
